AoeStats
← Warm Sausage

Arena

510664207Analyzed
1v1 RM · 1d ago on Oct 2, 2026· 50m 21s· 2 players
Game mode
Random Map
Map size
Tiny (2 player)
Population
200
Speed
Normal
Resources
Standard
Victory
Conquest
Starting age
Dark Age
Ending age
Imperial Age
RankedLock teamsTeams togetherTeam positionsShared explorationLock speedFull tech treeHidden civsTurbo modeCheats
Victory
Defeat
🇨🇴 Romans · Colombia
943
+14
🇺🇸 Portuguese · United States
908
-37
Warm Sausage
13:46 Feudal Age
12:03 Loom
17:26 Wheelbarrow
16:40 Double-Bit Axe
21:54 Castle Age
20:03 Fletching
20:46 Padded Archer Armor
22:54 Horse Collar
25:03 Gold Mining
25:23 Pikeman
27:07 Hand Cart
28:52 Stone Mining
29:07 Heavy Plow
29:26 Bow Saw
28:56 Crossbowman
31:18 Thumb Ring
32:40 Ballistics
32:44 Fortified Wall
32:58 Masonry
33:51 Bodkin Arrow
34:12 Leather Archer Armor
39:35 Imperial Age
42:38 Chemistry
41:43 Murder Holes
42:27 Architecture
42:20 Arbalester
SKALIGAN
11:15 Feudal Age
15:30 Castle Age
13:17 Loom
15:09 Stone Mining
15:08 Double-Bit Axe
21:32 Fervor
23:19 Wheelbarrow
24:03 Bow Saw
26:25 Gold Mining
26:56 Hand Cart
30:44 Imperial Age
29:49 Gold Shaft Mining
32:01 Conscription
32:46 Chemistry
32:31 Forging
32:22 Scale Mail Armor
32:45 Ballistics
32:19 Man-at-Arms
32:54 Pikeman
33:35 Squires
33:29 Fletching
33:39 Padded Archer Armor
34:15 Iron Casting
33:56 Chain Mail Armor
34:28 Comitatenses
34:31 Horse Collar
34:41 Town Watch
34:52 Elite Skirmisher
34:58 Halberdier
35:01 Capped Ram
35:41 Bodkin Arrow
36:01 Leather Archer Armor
36:17 Long Swordsman
36:41 Siege Ram
37:55 Heavy Plow
37:40 Legionary
38:59 Bloodlines
38:51 Husbandry
39:09 Scale Barding Armor
40:08 Leather Archer Armor
40:14 Chain Barding Armor
41:30 Plate Barding Armor
41:56 Blast Furnace
40:41 Light Cavalry
41:58 Heavy Scorpion
44:44 Ballistas
44:03 Elite Centurion
45:30 Herbal Medicine
46:49 Ring Archer Armor
Connection lost

Rejoining the realm…

Still unreachable

The connection could not be restored.

Session expired

The server has moved on; the page needs a fresh start.